Workbook
Name acctlu: [1]MASTER!$A$2:$G$4000
Name Headlu: [1]MASTER!$A$1:$G$1
Name NvsASD: "V2025-08-31"
Name NvsAutoDrillOk: "VN"
Name NvsDateToNumber: "Y"
Name NvsElapsedTime: 0.00001
Name NvsEndTime: 45911.587567
Name NvsInstLang: "VENG"
Name NvsInstSpec: "%"
Name NvsInstSpec1: ","
Name NvsInstSpec2: ","
Name NvsInstSpec3: ","
Name NvsInstSpec4: ","
Name NvsInstSpec5: ","
Name NvsInstSpec6: ","
Name NvsInstSpec7: ","
Name NvsInstSpec8: ","
Name NvsInstSpec9: ","
Name NvsLayoutType: "M3"
Name NvsNplSpec: "%,X,RZF..,CZF.."
Name NvsPanelBusUnit: "V"
Name NvsPanelEffdt: "V2013-01-01"
Name NvsPanelSetid: "VSHARE"
Name NvsParentRef: "input!$$0"
Name NvsReqBU: "VSN601"
Name NvsReqBUOnly: "VN"
Name NvsSheetType: "M"
Name NvsTransLed: "VN"
Name NvsTreeASD: "V2025-08-31"
Name NvsValTbl.ACCOUNT: "GL_ACCOUNT_TBL"
Name NvsValTbl.BUSINESS_UNIT: "BUS_UNIT_TBL_FS"
Name NvsValTbl.CHARTFIELD1: "CHARTFIELD1_TBL"
Name NvsValTbl.DEPTID: "DEPT_TBL"

Sheet e-mail instruct
A3: E-MAILING INSTRUCTIONS
A5: 1) | B5: Copy only those sheets that will e-mailed to NCVA in a separate file as follows:
B6: - | C6: open a blank spreadsheet and name it NCVA - SALISBURY- month and year
B7: - | C7: open the spreadsheet containing the final calculation for the month
C8: for the INVOICE, JE FOR CO 43, ACCRD EXP DETAIL, AP ON PRUITT CORP, PREPAID DETAIL,
C9: OTHER NON-REIMB EXP, AND PENALITES (if any) sheets highlight the spreadsheet and copy to
C10: the NCVA - FAYETTEVILLE - month and year spreadsheet using the PASTE SPECIAL and VALUES
C11: commands (so only values, not F9 formulas will copy).
A12: 2) | B12: Have Joann send you an AR aging for the month from Windows-based LTC in PDF format.
A13: 3) | B13: Get a scanned copy of the AR aging off the DOS-based LTC from Alison
A14: 4) | B14: Obtain an income statement for co 43 in PDF format (either from Margie or run it ourselves when new
B15: software is received.
A16: 5) | B16: Retrieve and update the e-mail cover letter to Lynda Poyner
A17: 6) | B17: Attach the excel invoice file
A18: 7) | B18: E-mail the file you have created for invoice purposes to: | H18: james.woodard@ncmail.net
A21: SEQUENCE
A22: 1- enter ytd period and and month end date on INPUT sheet
A23: 2- hit F9 to calculate unadjusted balances for company 37 and 43
A25: Referring to the INVOICE sheet
A26: 3- identify any penalties included in ytd cost. These penalties are not allowed as a reimburseable cost. Enter any
A27: penalties in the PENALTIES sheet. This will automatically carry to the INVOICE sheet and the JE FOR CO 43 sheet
A28: as a deduction to reimburseable cost.
A29: 4- Legal fees should automatically carry to the invoice, company 43's JE and company 37's invoice via the F9 formula on
A30: line 4 of the invoice.
A31: 5- Meal sales and rental income offsets may be the only items to be included in line 5 of the invoice. These are automatically
A32: carried to the invoice from the OTHER NON-REIMB EXP sheet via F9. If there are any new types of expenses, check with
A33: Mitch to see if the expense should be included on the OTHER NON-REIMB EXP sheet.
... A59: NOTE: On all worksheets of this file, a yellow highlight indicates that input is required (i.e., not automatic)

Sheet INVOICE
A1: UNITED VETERAN SERVICES OF NORTH CAROLINA, INC.
A2: INVOICE FOR "NCVA (APPICABLE HOME)"
E3: MONTH ENDED | I3: Invoice Date | J3: =F3
A6: EXPENSE-BASED COMPONENT
B8: 1. | C8: YTD Expense for United Veterans of NC, Inc.NCVA"Name of Appicable Home" | H8: 0
B9: 2. | C9: Less: | D9: Penalties (identify on separate list) | H9: 0
B10: 4. | C10: Less: | D10: Legal Fees | H10: 0
B11: 5. | C11: Less: | D11: Other non-reimburseable (identify on separate list) | H11: 0
B12: 6. | C12: Less: | D12: Management included in YTD expense on line 1 | H12: 0
B13: 7. | C13: Less: | D13: Administrator Wages, Benefits, and Travel Expenses | H13: 0
B14: 8. | C14: Less: | D14: Intercompany Interest | H14: 0
B15: 9. | C15: Less: | D15: Accrued expenses (net of beginning of yr balance) | H15: 0
B16: 10. | C16: Plus: | D16: Pre-paid Expense - see list (net of beginning yr balance) | H16: 0
B18: 11. | C18: = Total Allowable YTD Expense | H18: =H8-SUM(H9:H15)+H16 -> 0
B20: 12. | C20: Less: | D20: Allowable YTD Expense from previous month invoice | H20: 0
B22: 13. | C22: = Expenses to be reimbursed for the month | H22: =H18-H20 -> 0
A26: REVENUE-BASED COMPONENT
B28: 14. | C28: =CONCATENATE("YTD Net Revenues of NC State Veterans Home ",[2]input!C6) -> YTD Net Revenues of NC State Veterans Home %RBN% | H28: 0
B30: 15. | C30: Less: | D30: Denial of Payments (identify on separate list) | H30: 0
B32: 16. | C32: YTD Revenue Subject to Management Fee % | H32: =H28-H30 -> 0
B34: 17. | C34: Management Fee % - Current | H34: 0
B36: 18. | C36: YTD Management Fees due | H36: =(H32*H34) -> 0
B38: 19. | C38: Prior Month YTD Management Fees due | H38: 0
B40: 20. | C40: Management Fees Due for Current Month | H40: =H36-H38 -> 0
B42: 21. | C42: Patient Refunds made on behalf of NCVA in the invoice month | H42: ='RESIDENT REFUNDS'!D29 -> 0 | I42: see RESIDENT REFUND worksheet
B44: 22. | C44: AR OTHER -- Invoices paid/not on G/L | H44: ='AR OTHER'!D39 -> 0 | I44: see AR OTHER worksheet
B46: 23. | C46: INCENTIVE/PENALTY FY END (PER CONTRACT) | H46: 0 | I46: see Incentive--Penalty worksheet
H47: 0
H49: =H40+H22+H42+H44+H46 -> 0

Sheet RESIDENT REFUNDS
A1: Detail of Current Month Resident Refunds (Account: "XXXXXX")
A2: MONTH AND YEAR
A5: Date | B5: Vendor | C5: Invoice number | D5: Amount
B29: Total | D29: =SUM(D6:D28) -> 0

Sheet AR OTHER
A1: Detail of Current Month AR OTHER -- XXXXXXX
A2: MONTH AND YEAR
A5: Date | B5: Payee | D5: Amount
B39: Total | D39: =SUM(D6:D38) -> 0

Sheet CER DETAIL
B2: Business Unit | C2: BU Name | D2: Journal ID | E2: Journal Date | F2: AP Modified Date | G2: Jrnl Source | H2: Jrnl Hdr Descr | I2: Period | J2: Year | K2: Account | L2: Account Name | M2: Dept | N2: Dept Name | O2: Oper Unit | P2: Affiliate | Q2: UHS Ref | R2: Jrnl Line | S2: Vchr Line | T2: Jrnl Ln Descr | U2: Amount | V2: Voucher | W2: Invoice Date | X2: Invoice ID | Y2: Vendor ID | Z2: Vendor Name | AA2: Item | AB2: Item Description | AC2: AP Unpost Sequence | AD2: AP Posting Process | AE2: Distribution Line Number | AF2: Row # | AG2: Node | AH2: Entered By | AI2: Posted Date

Sheet JE FOR VA SIDE
A1: =CONCATENATE(#REF!," ",#REF!) -> #REF!
A2: JOURNAL ENTRY TO RECORD MANAGEMENT FEE EXPENSE
C3: MONTH ENDED
B5: To record expense based component of management fee for current month (NOTE: MUST REVERSE NEXT MO.) This is posted when the allocation is completed.
B9: Journal Entry # | C9: Journal Description/Name
H10: Debit | I10: Credit
A11: 9000 | H11: =INVOICE!H36 -> 0
A12: 9000 | H12: =INVOICE!H46 -> 0
I13: =H12*-1 -> 0
I14: =H11 -> 0
C16: To record revenue based component of mgt fee for current month (NOTE: MUST REVERSE NEXT MO.)

Sheet Sheet1 (Qtr End Only)
A1: =#REF! -> #REF! | B1: ACTUALS | C1: 5010 | D1: 601060 | F1: Physical Therapy | G1: =IFERROR(ROUND(H1,2),0) -> 0 | H1: ='JE FOR VA SIDE'!#REF! -> #REF!
A2: =#REF! -> #REF! | B2: ACTUALS | C2: 5011 | D2: 601060 | F2: Speech Therapy | G2: =IFERROR(ROUND(H2,2),0) -> 0 | H2: ='JE FOR VA SIDE'!#REF! -> #REF!
A3: =#REF! -> #REF! | B3: ACTUALS | C3: 5012 | D3: 601060 | F3: Occupational Therapy | G3: =IFERROR(ROUND(H3,2),0) -> 0 | H3: ='JE FOR VA SIDE'!#REF! -> #REF!
A4: =#REF! -> #REF! | B4: ACTUALS | C4: 5013 | D4: 601060 | F4: Respiratory Therapy | G4: =IFERROR(ROUND(H4,2),0) -> 0 | H4: ='JE FOR VA SIDE'!#REF! -> #REF!
A5: =#REF! -> #REF! | B5: ACTUALS | C5: 5014 | D5: 601060 | F5: Oxygen Therapy | G5: =IFERROR(ROUND(H5,2),0) -> 0 | H5: ='JE FOR VA SIDE'!#REF! -> #REF!
A6: =#REF! -> #REF! | B6: ACTUALS | C6: 5020 | D6: 601060 | F6: Pharmacy Consultant | G6: =IFERROR(ROUND(H6,2),0) -> 0 | H6: ='JE FOR VA SIDE'!#REF! -> #REF!
A7: =#REF! -> #REF! | B7: ACTUALS | C7: 5020 | D7: 743000 | F7: Pharmacy RX | G7: =IFERROR(ROUND(H7,2),0) -> 0 | H7: ='JE FOR VA SIDE'!#REF! -> #REF!
A8: =#REF! -> #REF! | B8: ACTUALS | C8: 5020 | D8: 743990 | F8: Pharmacy Non RX | G8: =IFERROR(ROUND(H8,2),0) -> 0 | H8: ='JE FOR VA SIDE'!#REF! -> #REF!
A9: =#REF! -> #REF! | B9: ACTUALS | C9: 5030 | D9: 601060 | F9: Lab | G9: =IFERROR(ROUND(H9,2),0) -> 0 | H9: ='JE FOR VA SIDE'!#REF! -> #REF!
A10: =#REF! -> #REF! | B10: ACTUALS | C10: 5040 | D10: 710000 | F10: Chargeable Medical Supplies | G10: =IFERROR(ROUND(H10,2),0) -> 0 | H10: ='JE FOR VA SIDE'!#REF! -> #REF!
A11: =#REF! -> #REF! | B11: ACTUALS | C11: 5041 | D11: 710000 | F11: Wound Care Supplies | G11: =IFERROR(ROUND(H11,2),0) -> 0 | H11: ='JE FOR VA SIDE'!#REF! -> #REF!
A12: =#REF! -> #REF! | B12: ACTUALS | C12: 5042 | D12: 710000 | F12: Non-Chargeable Med Supplies | G12: =IFERROR(ROUND(H12,2),0) -> 0 | H12: ='JE FOR VA SIDE'!#REF! -> #REF!
... A49: =#REF! -> #REF! | B49: ACTUALS | C49: 9500 | D49: 955000 | F49: Property Insur | G49: =IFERROR(ROUND(H49,2),0) -> 0 | H49: ='JE FOR VA SIDE'!#REF! -> #REF!
A50: =#REF! -> #REF! | B50: ACTUALS | D50: 130305 | F50: Management Fee Payable - New Contract | G50: =IFERROR(ROUND(H50,2),0) -> 0 | H50: ='JE FOR VA SIDE'!#REF! -> #REF!
A51: =#REF! -> #REF! | B51: ACTUALS | D51: 130400 | F51: Deferred Payable | G51: =IFERROR(ROUND(H51,2),0) -> 0 | H51: ='JE FOR VA SIDE'!#REF! -> #REF!
A52: =#REF! -> #REF! | B52: ACTUALS | C52: 9000 | D52: 900000 | F52: Administration | G52: =IFERROR(ROUND(H52,2),0) -> 0 | H52: ='JE FOR VA SIDE'!H11 -> 0
A53: =#REF! -> #REF! | B53: ACTUALS | D53: 130305 | F53: Management Fee Payable - New Contract | G53: =IFERROR(ROUND(H53,2),0) -> 0 | H53: =-'JE FOR VA SIDE'!I14 -> 0

Sheet JE FOR SN SIDE
A1: =CONCATENATE(#REF!," ",#REF!) -> #REF!
A2: ADJUSTING JOURNAL ENTRY
A3: =#REF! -> #REF!
D6: Debit | E6: Credit
B8: 130310 | C8: Mgt Fee Receivable - New Contract | D8: =ROUND(INVOICE!H18+'JE FOR VA SIDE'!I14,2) -> 0
B9: 130300 | C9: Deferred Mgt Fee Revenue | D9: =ROUND(INVOICE!H15,2) -> 0
B10: 130310 | C10: Incentive/Penalty Receivable | D10: =INVOICE!H47 -> 0
A11: 5900 | B11: 317000 | C11: Mgt Fee Income - Expense Based | E11: =SUM(D8:D9)-E13 -> 0
A12: 9200 | B12: 317000 | C12: Incentive/Penalty | E12: =D10*-1 -> 0
A13: 9200 | B13: 317000 | C13: Mgt Fee Income - Revenue Based | E13: ='JE FOR VA SIDE'!H11 -> 0
C22: last month 130310
D24: ck figure
D25: =D8-D22 -> 0
D26: =INVOICE!H22+INVOICE!H41 -> 0
D27: =D25-D26 -> 0
A32: ENTRY TO UPLOAD AFTER INVOICE IS COMPLETE
A33: =#REF! -> #REF! | B33: ACTUALS | D33: =B8 -> 130310 | F33: =C8 -> Mgt Fee Receivable - New Contract | G33: =D8 -> 0
A34: =#REF! -> #REF! | B34: ACTUALS | D34: =B9 -> 130300 | F34: =C9 -> Deferred Mgt Fee Revenue | G34: =D9 -> 0
A35: =#REF! -> #REF! | B35: ACTUALS | D35: 130310 | E35: NCVA-IP-EX | F35: Incentive/Penalty Receivable | G35: =D10 -> 0
A36: =#REF! -> #REF! | B36: ACTUALS | C36: 9200 | D36: 317000 | E36: NCVA-IP-EX | F36: Incentive/Penalty | G36: =E12 -> 0
A37: =#REF! -> #REF! | B37: ACTUALS | C37: =A11 -> 5900 | D37: =B11 -> 317000 | F37: =C11 -> Mgt Fee Income - Expense Based | G37: =-E11 -> 0
A38: =#REF! -> #REF! | B38: ACTUALS | C38: =A13 -> 9200 | D38: =B13 -> 317000 | F38: =C13 -> Mgt Fee Income - Revenue Based | G38: =-E13 -> 0
B40: To record revenue based component for current month (NOTE: MUST REVERSE NEXT MO.)
B42: Management fee can be requested after this entry is complete for all VA's.
